 Dungeon Crawl Stone Soup version 0.29-a0-323-g050149af67 (webtiles) character file.

Game seed: 15435721816827509492

200 rabbitsville the Shooter (level 5, -2/31 HPs)
             Began as a Gargoyle Hunter on Apr 11, 2022.
             Slain by a gnoll
             ... wielding a +2 whip of pain
              (5 damage)
             ... on level 5 of the Dungeon.
             The game lasted 00:08:07 (3102 turns).

rabbitsville the Shooter (Gargoyle Hunter)          Turns: 3102, Time: 00:08:10

Health: -2/31      AC:  8    Str: 17    XL:     5   Next: 78%
Magic:  5/5        EV: 11    Int:  9    God:
Gold:   217        SH:  0    Dex: 13    Spells: 4/4 levels left

rFire   . . .      SeeInvis +   b - +4 rapier "Xoupich" {venom, rPois}
rCold   . . .      Faith    .   (no shield)
rNeg    + . .      Spirit   .   d - +0 leather armour
rPois   ∞          Reflect  .   (no helmet)
rElec   +          Harm     .   (no cloak)
rCorr   .          Rampage  .   (no gloves)
Will    .....                   k - +0 pair of boots
Stlth   +.........              (no amulet)
HPRegen 0.10/turn               o - ring of see invisible
MPRegen 0.09/turn               (no ring)

@: no status effects
A: sickness immunity, AC +4, negative energy resistance 1, electricity
resistance, torment resistance 1, petrification resistance
a: no special abilities


You were on level 5 of the Dungeon.
You visited 1 branch of the dungeon, and saw 5 of its levels.

You collected 217 gold pieces.

Inventory:

Hand Weapons
 a - a +1 shortbow
 b - the +4 rapier "Xoupich" (weapon) {venom, rPois}
   (You found it on level 4 of the Dungeon)

   It poisons the flesh of those it strikes.
   rPois:     It protects you from poison.
Armour
 d - a +0 leather armour (worn)
 i - a +3 plate armour of cold resistance
 k - a +0 pair of boots (worn)
Jewellery
 o - a ring of see invisible (left hand)
Scrolls
 c - 3 scrolls of immolation
 f - 2 scrolls of teleportation {unknown}
 g - 3 scrolls of identify
 h - a scroll of blinking
 j - a scroll of silence {unknown}
 l - 2 scrolls of summoning
 p - a scroll of magic mapping {unknown}
Potions
 e - a potion of heal wounds {unknown}
 m - a potion of lignification {unknown}
 n - a potion of magic {unknown}


   Skills:
 - Level 2.5 Fighting
 * Level 5.6 Bows
 * Level 3.5 Armour
 - Level 1.5 Dodging
 - Level 1.1 Stealth


You had 4 spell levels left.
You didn't know any spells.
Your spell library contained the following spells:

 Spells                   Type           Power      Damage    Failure   Level
 Animate Skeleton         Necr           0%         N/A       43%         1
 Pain                     Necr           0%         1d4       43%         1
 Vampiric Draining        Necr           0%         2d6       82%         3


Dungeon Overview and Level Annotations

Branches:
Dungeon (5/15)
 Temple: D:4-7

Altars:
Ashenzari
Cheibriados
Elyvilon
Trog

Shops:
D:3 [   D:4 (**

Annotations:
D:2 Sigmund
D:4 exclusions: black bear, lemure and 2 more exclusions


Innate Abilities, Weirdness & Mutations

You are immune to sickness and miasma.
Your stone body is resilient. (AC +4)
You are immune to poison.
You resist negative energy. (rN+)
You are resistant to electric shocks. (rElec)
You are resistant to unholy torment.
You are immune to petrification.


Message History

The arrow hits the gnoll sergeant but does no damage.
The gnoll sergeant is lightly wounded.
The gnoll hits you with a +2 whip of pain.
The gnoll sergeant closely misses you.
Shoot: a) +1 shortbow
Press: ? - help, Q - select action Shift-Dir - straight line, f/p - gnoll sergeant
Aim: a gnoll sergeant, wielding a +1 spear of venom and wearing a +0 ring mail (lightly wounded, 69% to hit)
You shoot an arrow.
The arrow barely misses the gnoll sergeant.
The gnoll barely misses you.
The gnoll sergeant hits you from afar with a +1 spear of venom!
Shoot: a) +1 shortbow
Press: ? - help, Q - select action Shift-Dir - straight line, f/p - gnoll sergeant
Aim: a gnoll sergeant, wielding a +1 spear of venom and wearing a +0 ring mail (lightly wounded, 69% to hit)
You shoot an arrow. The arrow hits the gnoll sergeant.
The gnoll sergeant is moderately wounded.
The gnoll barely misses you.
The gnoll sergeant hits you from afar with a +1 spear of venom.
The gnoll sergeant closely misses you. The gnoll barely misses you.
Shoot: a) +1 shortbow
Press: ? - help, Q - select action Shift-Dir - straight line, f/p - gnoll sergeant
Aim: a gnoll sergeant, wielding a +1 spear of venom and wearing a +0 ring mail (moderately wounded, 69% to hit)
You shoot an arrow.
The arrow hits the gnoll sergeant but does no damage.
The gnoll sergeant is moderately wounded.
The gnoll hits you with a +2 whip of pain.
The gnoll sergeant completely misses you.
The +4 rapier "Xoupich" {venom, rPois} begins to drip with poison!
b - the +4 rapier "Xoupich" (weapon)
{venom, rPois} The gnoll sergeant hits you with a +1 spear of venom!
* * * LOW HITPOINT WARNING * * *
A gnoll comes into view. It is wielding a +0 spear.
The gnoll shouts!
You hit the gnoll sergeant.
The gnoll sergeant is poisoned.
The gnoll sergeant is moderately wounded.
The gnoll hits you with a +2 whip of pain.
* * * LOW HITPOINT WARNING * * *
The gnoll sergeant hits you but does no damage.
The gnoll hits you with a +2 whip of pain.
You die...

# .# .######
###.......
#.####.......##
#.............
#g##..#.##
#.@gh.....
#..#..#.## #..#
.# #..# # ...g
..... #...#.
.....


You could see a gnoll sergeant (very poisoned), a hound and 2 gnolls.

Vanquished Creatures
  A hound (D:4)
  Natasha (D:4)
  5 gnolls
  An adder (D:4)
  3 dart slugs
  A worm (D:3)
  An orc (D:3)
  A bat (D:2)
  4 endoplasms
  3 giant cockroaches
  8 goblins
  A hobgoblin (D:1)
  5 jackals
  A quokka (D:3)
  2 ball pythons
  4 frilled lizards
  4 kobolds
  A rat (D:2)
47 creatures vanquished.

Vanquished Creatures (collateral kills)
  A hound (D:3)
  A hobgoblin (D:3)
  A bat (D:3)
3 creatures vanquished.

Grand Total: 50 creatures vanquished

Notes
Turn   | Place    | Note
-------+----------+-------------------------------------------
     0 | D:1      | rabbitsville the Gargoyle Hunter began the quest for the
                  | Orb.
     0 | D:1      | Reached XP level 1. HP: 12/12 MP: 1/1
   235 | D:1      | Found a faded altar of an unknown god.
   239 | D:1      | Reached XP level 2. HP: 18/18 MP: 2/2
  1032 | D:2      | Reached XP level 3. HP: 22/22 MP: 3/3
  1037 | D:2      | Reached skill level 1 in Armour
  1038 | D:2      | Noticed Sigmund
  1144 | D:3      | Reached XP level 4. HP: 5/27 MP: 4/4
  1402 | D:3      | Found Ycsineux's Armour Boutique.
  1407 | D:3      | Reached skill level 5 in Bows
  2110 | D:4      | Found Sogog's Weapon Emporium.
  2161 | D:4      | Noticed Natasha
  2164 | D:4      | Killed Natasha
  2313 | D:4      | Noticed a lemure
  2358 | D:4      | Reached XP level 5. HP: 19/31 MP: 5/5
  2484 | D:4      | Noticed a black bear
  2514 | D:4      | Found a broken altar of Ashenzari.
  2526 | D:4      | Found a snail-covered altar of Cheibriados.
  2529 | D:4      | Found a white marble altar of Elyvilon.
  2532 | D:4      | Found a bloodstained altar of Trog.
  2586 | D:4      | Found Amnelock's General Store.
  2937 | D:4      | Found Uriu's Assorted Antiques.
  2956 | D:4      | Identified the +4 rapier "Xoupich" {venom, rPois}
  3087 | D:4      | Noticed a lemure
  3087 | D:4      | Noticed a lemure
  3089 | D:5      | Entered Level 5 of the Dungeon
  3102 | D:5      | Slain by a gnoll

Illustrated notes

Levels and vault maps discovered:
D:1:      evilmike_arrival_crescent, layout_loops_ring,
          hellmonk_ecumenical_altar_run_dry
D:2:      layout_loops_cross, minmay_misc_feat_columns, grunt_ministairs_13,
          uniq_jessica, uniq_sigmund, uniq_robin
D:3:      layout_basic, serial_shops, shop
D:4:      layout_basic, grunt_temple_overflow_cloverleaf, serial_shops,
          nicolae_shop_trees, nicolae_stop_n_shop_2, kennysheep_mini_moat,
          uniq_natasha, uniq_pikel
D:5:      layout_basic, amethyst_overflow_temple_binary

Skill      XL: |  1  2  3  4  5 |
---------------+----------------+-----
Armour         | 2 3 |  3.5
Bows           | 5 |  5.6
Fighting       | |  2.5
Dodging        | |  1.5
Stealth        | |  1.1

Action                   |  1- 3 |  4- 6 || total
-------------------------+-------+-------++-------
Melee: Spear             |    23 |       ||    23
       Rapier            |       |     2 ||     2
 Fire: Shortbow          |    63 |    79 ||   142
  Use: Scroll            |     6 |       ||     6
       Potion            |     1 |       ||     1
Armor: Plate armour      |    27 |       ||    27
       Leather armour    |    11 |    15 ||    26
Dodge: Dodged            |    37 |    37 ||    74

Table legend: (Time is in decaauts)
 A = Elapsed time spent in this place.
 B = Non-inter-level travel time spent in this place.
 C = Inter-level travel time spent in this place.
 D = Time resting spent in this place.
 E = Time spent auto-exploring this place.
 F = Levels seen in this place.
 G = Mean time per level.
                   A        B        C        D        E       F      G
               +--------+--------+--------+--------+--------+-----+--------+
         Total |   3148 |   3085 |     63 |    237 |   2346 |   5 |  629.6 |
       Dungeon |   3148 |   3085 |     63 |    237 |   2346 |   5 |  629.6 |
               +--------+--------+--------+--------+--------+-----+--------+

Top non-repeatable levels by time:
     D:3: 1049 daAuts
     D:4: 987 daAuts
     D:1: 739 daAuts
     D:2: 356 daAuts
     D:5: 14 daAuts
